 Dungeon Crawl Stone Soup version 0.26-a0-720-g2a1d101370 (webtiles) character file.

Game seed: 3349355814378254016

1318 fata the Chopper (level 8, -2/70 HPs)
             Began as a Deep Dwarf Chaos Knight on Nov 2, 2020.
             Was an Initiate of Makhleb.
             Slain by Maggie
             ... wielding a +0 halberd
              (7 damage)
             ... on level 6 of the Dungeon.
             The game lasted 00:11:54 (4212 turns).

fata the Chopper (Deep Dwarf Chaos Knight)          Turns: 4212, Time: 00:11:54

Health: -2/70      AC: 15    Str: 17    XL:     8   Next: 33%
Magic:  4/4        EV:  7    Int: 14    God:    Makhleb [......]
Gold:   102        SH:  0    Dex: 12    Spells: 7/7 levels left

rFire    + . .     SeeInvis .   r - +0 hand axe
rCold    . . .     Faith    .   (no shield)
rNeg     . . .     Spirit   .   f - +1 chain mail {rPois}
rPois    +         Reflect  .   (no helmet)
rElec    .         Harm     .   o - +0 cloak
rCorr    .         Rampage  .   D - +2 pair of gloves {archery}
MR       +....                  (no boots)
Stlth    ..........             (no amulet)
HPRegen  0.00/turn              v - ring of protection from fire
MPRegen  0.09/turn              (no ring)

@: mesmerised, very slightly contaminated, non-regenerating
A: damage resistance, heal wounds, frail 1, sense surroundings 1, no
regeneration
a: Heal Wounds, Renounce Religion


You were on level 6 of the Dungeon.
You worshipped Makhleb.
Makhleb was noncommittal.
You visited 2 branches of the dungeon, and saw 7 of its levels.

You collected 299 gold pieces.
You spent 197 gold pieces at shops.

Inventory:

Hand Weapons
 r - a +0 hand axe (weapon)
Missiles
 e - 206 stones (quivered)
 n - 6 silver javelins
 z - 7 javelins
Armour
 f - a +1 chain mail of poison resistance (worn)
 o - a +0 cloak (worn)
 u - a +1 ring mail of cold resistance
 y - a +0 pair of gloves
 D - a +2 pair of gloves of archery (worn)
Jewellery
 v - a ring of protection from fire (left hand)
 G - an uncursed ring of fire {unknown}
Wands
 s - a wand of iceblast (2)
Scrolls
 j - 3 scrolls of teleportation
 l - 3 scrolls of remove curse
 p - a scroll of enchant weapon {unknown}
 t - a scroll of magic mapping {unknown}
 w - a scroll of fog
 A - a scroll of enchant armour
 B - a scroll of blinking
 E - a scroll of immolation {unknown}
 F - a scroll of random uselessness {unknown}
Potions
 a - a potion of haste
 b - 4 potions of brilliance
 c - 2 potions of cancellation
 d - a potion of mutation {unknown}
 g - a potion of flight {unknown}
 h - 3 potions of berserk rage {unknown}
 i - 3 potions of curing {unknown}
 k - 3 potions of lignification {unknown}
 m - 3 potions of invisibility {unknown}
 q - 2 potions of heal wounds {unknown}
 x - a potion of might {unknown}
 C - a potion of degeneration {unknown}


   Skills:
 + Level 6.4 Fighting
 + Level 7.8 Axes
 + Level 5.4 Armour
 - Level 1.1 Dodging


You had 7 spell levels left.
You didn't know any spells.
Your spell library was empty.

Dungeon Overview and Level Annotations

Branches:
Dungeon (6/15)             Temple (1/1) D:6

Altars:
Ashenzari
Dithmenos
Hepliaklqana
Makhleb
Nemelex Xobeh
Okawaru
Qazlal
Trog
Uskayaw
Vehumet
Yredelemnul

Shops:
D:4 ?

Annotations:
D:6 Maggie


Innate Abilities, Weirdness & Mutations

You are resistant to damage.
You can heal yourself by infusing magical energy.
You passively map a small area around you.
You do not regenerate.
You are frail. (-10% HP)


Message History

You catch the helpless Maggie completely off-guard!
You slash Maggie!
Maggie is severely wounded.
You flicker back into view.
You hit Maggie.
Maggie is severely wounded.
Maggie hits you with a +0 halberd!
* * * LOW HITPOINT WARNING * * *
You hit Maggie.
Maggie is severely wounded.
Maggie hits you but does no damage.
You hit Maggie.
Maggie is severely wounded.
Maggie casts a spell.
Maggie attempts to bespell you!
You are mesmerised by Maggie!
You barely miss Maggie.
Maggie is severely wounded.
Maggie hits you with a +0 halberd!
You die...

#.#* #.. ,..........# #
#####..######.# .######....# #
*
...(.......##.##.######....####
...(...........................
...(.......##.##.######........
..#.....(.##.##.# #.......####
##.#.##...(...# #.......# #.
#..#...@...###+###...# ..
##?#....@.##.....#...# ,.. *
.#.......#.#'#.#...# #.* ,
5####.##.'.#>#.'...#### ., ..
#....##.###(#......# , ,
..*#....##.....#......# ,
,#....####'###......# ,, ,
#....# #...........# , * ##.###
#...........# , #.#
#............


You could see Maggie (mesmerising).

Vanquished Creatures
  Grinder (D:6)
  Sigmund (D:4)
  A sky beast (D:5)
  A necrophage (D:5)
  A water moccasin skeleton (D:5)
  2 killer bees (D:4)
  An orc wizard (D:3)
  An orc priest (D:3)
  Crazy Yiuf (D:4)
  Jessica (D:2)
  Ijyb (D:3)
  5 worker ants
  2 hound skeletons (D:5)
  7 gnolls
  A worker ant zombie (D:5)
  8 adders
  A shadow imp (D:4)
  An ufetubus (D:5)
  An ooze (D:1)
  An adder skeleton (D:5)
  A worm (D:4)
  2 dart slugs
  4 leopard geckos
  8 orcs
  6 bats
  7 giant cockroaches
  11 hobgoblins
  3 jackals (D:4)
  6 kobolds
  2 quokkas
  7 frilled lizards
  10 goblins
  A jackal skeleton (D:4)
  A leopard gecko skeleton (D:4)
  A leopard gecko zombie (D:5)
  4 rats (D:2)
113 creatures vanquished.

Vanquished Creatures (collateral kills)
  3 killer bees (D:4)
  Terence (D:2)
4 creatures vanquished.

Vanquished Creatures (others)
  An ice beast (D:5)
  A fungus (D:4)
2 creatures vanquished.

Grand Total: 119 creatures vanquished

Notes
Turn   | Place    | Note
-------+----------+-------------------------------------------
     0 | D:1      | fata the Deep Dwarf Chaos Knight began the quest for the
                  | Orb.
     0 | D:1      | Reached XP level 1. HP: 20/20 MP: 1/1
   175 | D:1      | XOM: silly message
   227 | D:1      | XOM: divination: magic mapping
   238 | D:1      | Reached XP level 2. HP: 15/28 MP: 2/2
   403 | D:1      | XOM: silly message
   411 | D:1      | XOM: potion effect (stabbing)
   493 | D:1      | Reached skill level 4 in Axes
   524 | D:1      | Reached XP level 3. HP: 18/34 MP: 3/3
   645 | D:1      | You fall into a shaft and drop 1 floor!
   758 | D:2      | XOM: divination: detect items
   818 | D:2      | Noticed Jessica
   826 | D:2      | XOM: silly message
   830 | D:2      | Killed Jessica
   898 | D:2      | Reached XP level 4. HP: 15/44 MP: 4/4
  1294 | D:2      | Noticed Terence
  1297 | D:2      | XOM: cast spell 'Summon Ice Beast'
  1316 | D:2      | Killed Terence
  1359 | D:2      | Found an iron altar of Okawaru.
  1389 | D:2      | XOM: cast spell 'Summon Small Mammal'
  1394 | D:2      | HP: 2/44 [worker ant (3)]
  1433 | D:2      | XOM: scenery: summon butterflies
  1508 | D:3      | Reached skill level 5 in Axes
  1526 | D:2      | XOM: noise
  1563 | D:3      | Reached XP level 5. HP: 10/50 MP: 5/5
  1717 | D:3      | XOM: confuse monster(s)
  1721 | D:3      | XOM: confuse monster(s)
  1804 | D:3      | Noticed Ijyb
  1815 | D:3      | XOM: scenery: summon butterflies
  1838 | D:3      | Killed Ijyb
  1867 | D:3      | XOM: give mutation
  1867 | D:3      | Gained mutation: You are frail. (-10% HP) [Xom's mischief]
  1901 | D:3      | Reached XP level 6. HP: 24/52 MP: 6/6
  2143 | D:3      | XOM: cloud trail
  2359 | D:4      | Reached skill level 6 in Axes
  2371 | D:4      | Found a broken altar of Ashenzari.
  2467 | D:4      | Noticed Sigmund
  2481 | D:4      | Killed Sigmund
  2481 | D:4      | Reached skill level 5 in Fighting
  2835 | D:4      | XOM: god gift: 44 gold pieces
  2962 | D:4      | Found Vuas's Magic Scroll Shoppe.
  2970 | D:4      | Bought a scroll of enchant armour for 82 gold pieces
  2970 | D:4      | Bought a scroll of blinking for 82 gold pieces
  2970 | D:4      | Bought a scroll of remove curse for 33 gold pieces
  3113 | D:4      | Found a runed translucent door.
  3114 | D:4      | Noticed Crazy Yiuf
  3125 | D:4      | Killed Crazy Yiuf
  3125 | D:4      | Reached XP level 7. HP: 27/60 MP: 7/7
  3144 | D:4      | XOM: divination: detect creatures
  3157 | D:5      | Entered Level 5 of the Dungeon
  3177 | D:4      | XOM: divination: detect creatures
  3189 | D:5      | XOM: summons friendly white imp
  3238 | D:5      | XOM: smoke on damage
  3240 | D:4      | XOM: fog
  3241 | D:4      | XOM: summons 2 friendly demons
  3395 | D:5      | Reached skill level 7 in Axes
  3400 | D:5      | Found a radiant altar of Vehumet.
  3409 | D:5      | XOM: divine lightning
  3429 | D:5      | Reached XP level 8. HP: 18/68 MP: 5/5
  3576 | D:5      | Reached skill level 5 in Armour
  3787 | D:6      | XOM: noise
  3962 | D:6      | XOM: god gift: 8 atropa-tipped darts
  3978 | D:6      | XOM: god gift: scroll labeled YTILEE XEPOAG {god gift}
  4055 | D:6      | Found a staircase to the Ecumenical Temple.
  4079 | D:6      | Noticed Grinder
  4079 | D:6      | Noticed Maggie
  4099 | D:6      | XOM: cleaving
  4107 | D:6      | XOM: potion effect (invisibility)
  4115 | D:6      | Killed Grinder
  4120 | D:6      | XOM: summons 8 friendly demons
  4130 | Temple   | Entered the Ecumenical Temple
  4168 | Temple   | Fell from the grace of Xom
  4168 | Temple   | Became a worshipper of Makhleb the Destroyer
  4212 | D:6      | Slain by Maggie

Illustrated notes

Levels and vault maps discovered:
D:1:      nicolae_arrival_somewhat_less_tricky_arrival, layout_rooms,
          minivault_23
D:2:      layout_basic, overflow_temple_1_default, grunt_decor_arrowhead,
          grunt_ministairs_10, grunt_decor_junction, uniq_terence, uniq_jessica
D:3:      kennysheep_the_goblin_king, layout_basic
D:4:      layout_loops_ring, serial_shops, shop, evilmike_ruin_ashenzari,
          uniq_crazy_yiuf_cottage, uniq_sigmund
D:5:      layout_cave_pools, basic_altar
D:6:      layout_basic, vehumet_crystals, minmay_temple_entry_glassed_door,
          basic_altar, corexii_corridor_pit, xom_confusion_cloud, uniq_menkaure,
          uniq_grinder, uniq_maggie
Temple:   eino_temple_scatter_basement

Skill      XL: |  1  2  3  4  5  6  7  8 |
---------------+-------------------------+-----
Fighting       | 3 4 5 6 |  6.4
Axes           | 4 5 6 7 |  7.8
Armour         | 3 4 5 |  5.4
Dodging        | |  1.1

Action                   |  1- 3 |  4- 6 |  7- 9 || total
-------------------------+-------+-------+-------++-------
Melee: Club              |    21 |       |       ||    21
       Hand axe          |    31 |   308 |   179 ||   518
       Whip              |    63 |       |       ||    63
Throw: Dart              |       |       |     8 ||     8
       Stone             |       |       |     5 ||     5
 Abil: Heal Wounds       |       |     6 |     8 ||    14
  Use: Scroll            |       |     5 |     1 ||     6
 Stab: Confused          |       |     1 |       ||     1
       Distracted        |       |       |     1 ||     1
       Invisible         |       |       |     4 ||     4
Armor: Leather armour    |    10 |       |       ||    10
       Scale mail        |    29 |    10 |       ||    39
       Chain mail        |       |   178 |   141 ||   319
Dodge: Dodged            |    64 |   108 |    95 ||   267

Table legend: (Time is in decaauts)
 A = Elapsed time spent in this place.
 B = Non-inter-level travel time spent in this place.
 C = Inter-level travel time spent in this place.
 D = Time resting spent in this place.
 E = Time spent auto-exploring this place.
 F = Levels seen in this place.
 G = Mean time per level.
                   A        B        C        D        E       F      G
               +--------+--------+--------+--------+--------+-----+--------+
         Total |   4227 |   4123 |    104 |     44 |   2483 |   7 |  603.9 |
       Dungeon |   4174 |   4070 |    104 |     44 |   2453 |   6 |  695.7 |
        Temple |     52 |     52 |      0 |      0 |     30 |   1 |   52.0 |
               +--------+--------+--------+--------+--------+-----+--------+

Top non-repeatable levels by time:
     D:4: 1022 daAuts
     D:2: 853 daAuts
     D:3: 752 daAuts
     D:1: 653 daAuts
     D:5: 523 daAuts
     D:6: 368 daAuts
  Temple: 52 daAuts
